Sabres vs Coyotes
(R1)
Created - 7 novembre 2016 at 19:37
Goals
|
| Sabres |
2 |
3 |
1 |
6 |
| Coyotes |
1 |
2 |
2 |
5 |
|
Shots
|
| Sabres |
7 |
12 |
11 |
30 |
| Coyotes |
5 |
12 |
7 |
24 |
|
1st period
1. Coyotes , Ramzi Abid 3 (Nazem Kadri) at 15:24
2. Sabres , Brandon Sutter 2 (Enver Lisin, Ladislav Nagy) at 16:41
3. Sabres , Zack Kassian 2 (Zach Bogosian, Evander Kane) at 17:29
Penalties :
Andrew MacDonald (Buf) for Charging (Minor) at 3:56, Michael Haley (Buf) for Holding (Minor) at 10:54
2nd period
4. Sabres , Zack Kassian 3 (Ole-Kristian Tollefsen, Zach Bogosian) at 1:17
5. Sabres , Evander Kane 4 (Jordan Leopold, Randy Jones) at 3:28
6. Coyotes , Chad Larose 1 (Tyler Ennis, Tim Connolly) at 8:51
7. Sabres , Jordan Leopold 1 (Randy Jones, Andrew Cogliano) at 14:18
8. Coyotes , Nazem Kadri 2 (Kristopher Letang, Tyler Ennis) at 15:31 (PP)
Penalties :
Marian Gaborik (Ari) for Hooking (Minor) at 4:17, Enver Lisin (Buf) for Tripping (Minor) at 14:30
3rd period
9. Coyotes , Tim Connolly 1 (Kristopher Letang, Marian Gaborik) at 4:13
10. Coyotes , Marian Gaborik 1 (Tim Connolly, Nazem Kadri) at 6:56
11. Sabres , Michael Haley 1 (Zack Kassian, Ole-Kristian Tollefsen) at 17:06
Penalties :
Marian Gaborik (Ari) for Hooking (Minor) at 10:42
Goalie Stats
Robin Lehner (Buf), 19 saves from 24 shots - (0,792), W, 3-3-0, 60:00 minutes
Mathieu Garon (Ari), 18 saves from 20 shots - (0,900), L, 0-1-1, 36:32 minutes
Ryan Miller (Ari), 6 saves from 10 shots - (0,600), 23:28 minutes
Players Stats for Sabres
Player Name G A P +/- PIM S H SB GA TA FO MP PP MP PK MP
------------------------------------------------------------------------------------
Andrew Cogliano 0 1 1 -1 0 0 2 0 1 0 4/7 18:56 2:15 2:47
Andrew MacDonald 0 0 0 -1 2 1 0 0 0 0 0/0 15:21 2:15 0:00
Brandon Sutter 1 0 1 1 0 2 1 0 0 0 1/2 13:49 0:00 0:00
Enver Lisin 0 1 1 1 2 1 1 0 0 0 0/0 14:32 0:00 0:35
Evander Kane 1 1 2 0 0 3 1 0 2 2 1/1 15:46 1:43 0:34
J.T. Miller 0 0 0 -1 0 0 1 0 0 0 8/18 15:03 2:15 0:00
Jakub Kindl 0 0 0 2 0 0 2 1 0 1 0/0 23:30 0:00 2:53
Jaromir Jagr 0 0 0 0 0 2 1 0 1 0 0/1 17:47 1:43 1:38
Jason Pominville 0 0 0 -1 0 4 3 0 2 0 0/0 18:55 2:15 2:46
Jordan Leopold 1 1 2 1 0 2 1 0 1 0 0/0 21:10 1:43 2:06
Ladislav Nagy 0 1 1 1 0 1 3 0 1 0 2/3 15:27 0:00 1:38
Michael Haley 1 0 1 2 2 3 0 0 0 1 0/0 9:56 0:00 0:00
Ole-Kristian Tollefsen 0 2 2 2 0 2 3 1 1 0 0/0 26:18 1:43 2:53
Patrice Cormier 0 0 0 2 0 0 1 1 0 0 1/2 9:51 0:00 0:00
Randy Jones 0 2 2 1 0 2 1 1 0 0 0/0 18:23 0:00 2:06
Ryan O'Reilly 0 0 0 0 0 0 2 0 0 0 3/10 15:03 1:43 0:00
Zach Bogosian 0 2 2 -1 0 3 0 0 0 0 0/0 15:19 2:15 0:00
Zack Kassian 2 1 3 2 0 4 0 0 0 0 0/0 9:51 0:00 0:00
Players Stats for Coyotes
Player Name G A P +/- PIM S H SB GA TA FO MP PP MP PK MP
------------------------------------------------------------------------------------
Anton Stralman 0 0 0 -2 0 0 0 2 0 2 0/0 21:28 2:08 2:11
Chad Larose 1 0 1 -2 0 2 2 0 0 0 2/2 16:45 0:00 2:07
Eric Brewer 0 0 0 -2 0 1 2 0 0 0 0/0 20:25 3:20 0:24
Erik Christensen 0 0 0 -1 0 3 0 0 2 1 5/8 15:22 0:20 0:00
Erik Cole 0 0 0 0 0 0 3 0 0 0 0/2 18:41 2:15 1:19
Josh Gorges 0 0 0 1 0 0 0 5 0 1 0/0 20:06 1:39 1:23
Kristopher Letang 0 2 2 1 0 1 2 1 0 2 0/0 24:06 2:49 0:00
Kyle Okposo 0 0 0 -1 0 0 0 0 0 0 0/0 15:55 2:30 0:00
Marian Gaborik 1 1 2 1 4 5 0 0 0 2 1/2 19:38 2:29 0:00
Matt Niskanen 0 0 0 0 0 0 0 0 0 0 0/0 5:22 0:02 0:00
Matt Taormina 0 0 0 -1 0 0 1 2 0 0 0/0 13:39 0:00 1:47
Mike Leclerc 0 0 0 -1 0 0 1 0 0 0 0/0 8:21 0:00 2:04
Nazem Kadri 1 2 3 0 0 3 0 0 1 0 3/7 16:11 2:30 0:58
Ramzi Abid 1 0 1 0 0 2 4 0 1 0 0/0 15:08 0:11 0:39
T.J. Oshie 0 0 0 -1 0 1 0 0 0 0 0/0 7:22 0:00 0:00
Tim Connolly 1 2 3 0 0 4 2 3 0 1 13/23 24:38 2:12 0:49
Toni Lydman 0 0 0 -1 0 2 0 1 0 0 0/0 14:54 0:00 2:11
Tyler Ennis 0 2 2 -1 0 0 3 0 0 0 0/0 17:59 2:30 0:00
3 Stars
1 - Zack Kassian (Buf)
2 - Tim Connolly (Ari)
3 - Nazem Kadri (Ari)
Power Play
Sabres - 0 on 2 Attempt(s) - 0,00%
Coyotes - 1 on 4 Attempt(s) - 25,00%
Penalty Kill
Sabres - 3 on 4 Attempt(s) - 75,00%
- Score 0 goal in Penalty Kill
Coyotes - 2 on 2 Attempt(s) - 100,00%
- Score 0 goal in Penalty Kill
Team Stat
Sabres - Hits : 23 - Faceoff Wins : 20 - Blocked Shots : 4 - Penalty Minutes : 6
Coyotes - Hits : 20 - Faceoff Wins : 24 - Blocked Shots : 14 - Penalty Minutes : 4
Official
Referees : Kowal Tom and Joannette Marc
Linesman : Jean Morin and Greg Devorski
Game Notes
Mathieu Garon enters game at 3:28 of 2nd period
3:14 of 3rd period - Penalty Shot by Andrew Cogliano for Sabres - Shot Misses the Net
17:06 of 3rd period - Sabres goal is going for a video replay. After video review, Goal.
Finance
Level 1 -- Attendance: 6000 (100,00%) -- Ticket Income 522 000 $
Level 2 -- Attendance: 4369 (87,38%) -- Ticket Income 218 450 $
Level 3 -- Attendance: 2000 (100,00%) -- Ticket Income 60 000 $
Level 4 -- Attendance: 4000 (100,00%) -- Ticket Income 88 000 $
Luxury Box -- Attendance: 1000 (100,00%) -- Ticket Income 158 000 $
Game was played at the The Pack Center.
Total Attendance: 17369 (96,49%)
Total Ticket Income: 1 046 450 $
Other Income: 156 968 $
Total Income: 1 203 418 $
Sabres
5 vs 5 Forward
Center Left Wing Right Wing Time % Phy DF OF
1 J.T. Miller Andrew Cogliano Jason Pominville 28 1 2 2
2 Ryan O'Reilly Evander Kane Jaromir Jagr 28 0 3 2
3 Brandon Sutter Ladislav Nagy Enver Lisin 28 1 3 1
4 Patrice Cormier Michael Haley Zack Kassian 16 2 2 1
5 vs 5 Defense
Defense Defense Time % Phy DF OF
1 Ole-Kristian Tollefsen Jakub Kindl 40 2 2 1
2 Randy Jones Jordan Leopold 34 1 3 1
3 Andrew MacDonald Zach Bogosian 26 1 3 1
4 Ole-Kristian Tollefsen Zach Bogosian 0 1 2 2
PowerPlay Forward
Center Left Wing Right Wing Time % Phy DF OF
1 J.T. Miller Andrew Cogliano Jason Pominville 60 1 1 3
2 Ryan O'Reilly Evander Kane Jaromir Jagr 40 1 1 3
PowerPlay Defense
Defense Defense Time % Phy DF OF
1 Andrew MacDonald Zach Bogosian 60 1 2 2
2 Ole-Kristian Tollefsen Jordan Leopold 40 1 2 2
Penalty Kill 4 Players Forward
Center Wing Time % Phy DF OF
1 Andrew Cogliano Jason Pominville 60 1 4 0
2 Jaromir Jagr Ladislav Nagy 40 1 4 0
Penalty Kill 4 Players Defense
Defense Defense Time % Phy DF OF
1 Ole-Kristian Tollefsen Jakub Kindl 60 1 4 0
2 Randy Jones Jordan Leopold 40 1 4 0
Penalty Kill - 3 Players Forward
Forward Time % Phy DF OF
1 Jason Pominville 60 0 5 0
2 Andrew Cogliano 40 0 5 0
Penalty Kill - 3 Players Defense
Defense Defense Time % Phy DF OF
1 Ole-Kristian Tollefsen Jakub Kindl 60 1 4 0
2 Randy Jones Jordan Leopold 40 1 4 0
4 vs 4 Forward
Center Wing Time % Phy DF OF
1 Andrew Cogliano Evander Kane 60 0 3 2
2 Ladislav Nagy Enver Lisin 40 0 3 2
4 vs 4 Defense
Defense Defense Time % Phy DF OF
1 Ole-Kristian Tollefsen Zach Bogosian 60 1 3 1
2 Andrew MacDonald Jordan Leopold 40 1 3 1
Last Minutes Offensive
Center Left Wing Right Wing Defense Defense
Jason Pominville Andrew Cogliano Jaromir Jagr Ole-Kristian Tollefsen Zach Bogosian
Last Minutes Defensive
Center Left Wing Right Wing Defense Defense
Jason Pominville Andrew Cogliano Jaromir Jagr Ole-Kristian Tollefsen Jordan Leopold
Goaltenders
Starting : Robin Lehner
Backup : Jonas Hiller
Extra Forwards
Normal : Brandon Sutter, Ryan O'Reilly, J.T. Miller - PP : Zack Kassian, Enver Lisin - PK : Enver Lisin
Extra Defensemen
Normal : Andrew MacDonald, Jakub Kindl, Randy Jones - PP : Randy Jones - PK : Zach Bogosian, Andrew MacDonald
Penalty Shots
Andrew Cogliano, Jaromir Jagr, Evander Kane, Enver Lisin, Ladislav Nagy
Coyotes
5 vs 5 Forward
Center Left Wing Right Wing Time % Phy DF OF
1 Tim Connolly Erik Cole Marian Gaborik 34 0 2 3
2 Erik Christensen Tyler Ennis Chad Larose 30 0 2 3
3 Nazem Kadri Ramzi Abid Kyle Okposo 26 0 2 3
4 Tim Connolly Mike Leclerc T.J. Oshie 10 1 2 2
5 vs 5 Defense
Defense Defense Time % Phy DF OF
1 Kristopher Letang Josh Gorges 36 1 3 1
2 Eric Brewer Anton Stralman 32 1 3 1
3 Toni Lydman Matt Taormina 24 1 4 0
4 Matt Niskanen Kristopher Letang 8 0 4 1
PowerPlay Forward
Center Left Wing Right Wing Time % Phy DF OF
1 Tim Connolly Erik Cole Marian Gaborik 60 1 0 4
2 Nazem Kadri Tyler Ennis Kyle Okposo 40 1 0 4
PowerPlay Defense
Defense Defense Time % Phy DF OF
1 Kristopher Letang Eric Brewer 65 0 1 4
2 Josh Gorges Anton Stralman 35 0 1 4
Penalty Kill 4 Players Forward
Center Wing Time % Phy DF OF
1 Chad Larose Mike Leclerc 60 1 3 1
2 Ramzi Abid Erik Cole 40 1 3 1
Penalty Kill 4 Players Defense
Defense Defense Time % Phy DF OF
1 Toni Lydman Anton Stralman 60 1 4 0
2 Josh Gorges Matt Taormina 40 1 4 0
Penalty Kill - 3 Players Forward
Forward Time % Phy DF OF
1 Mike Leclerc 60 1 4 0
2 Chad Larose 40 0 5 0
Penalty Kill - 3 Players Defense
Defense Defense Time % Phy DF OF
1 Josh Gorges Toni Lydman 60 1 4 0
2 Anton Stralman Eric Brewer 40 1 4 0
4 vs 4 Forward
Center Wing Time % Phy DF OF
1 Tim Connolly Tyler Ennis 60 0 2 3
2 Nazem Kadri Marian Gaborik 40 0 2 3
4 vs 4 Defense
Defense Defense Time % Phy DF OF
1 Kristopher Letang Josh Gorges 60 1 3 1
2 Eric Brewer Anton Stralman 40 1 3 1
Last Minutes Offensive
Center Left Wing Right Wing Defense Defense
Tim Connolly Tyler Ennis Marian Gaborik Kristopher Letang Eric Brewer
Last Minutes Defensive
Center Left Wing Right Wing Defense Defense
Tim Connolly Mike Leclerc Chad Larose Toni Lydman Josh Gorges
Goaltenders
Starting : Ryan Miller
Backup : Mathieu Garon
Extra Forwards
Normal : Kyle Okposo, Ramzi Abid, T.J. Oshie - PP : Erik Christensen, Ramzi Abid - PK : Tim Connolly
Extra Defensemen
Normal : Eric Brewer, Matt Taormina, Matt Niskanen - PP : Josh Gorges - PK : Toni Lydman, Matt Taormina
Penalty Shots
Marian Gaborik, Tyler Ennis, Tim Connolly, Ramzi Abid, Nazem Kadri
% Time on Ice - Sabres
Lines # - Real PCT - Wanted PCT - Time Play
Normal Forward
1 - 26% - 28% - 12:57
2 - 27% - 28% - 13:20
3 - 28% - 28% - 13:49
4 - 20% - 16% - 9:51
Normal Defense
1 - 42% - 40% - 20:50
2 - 33% - 34% - 16:23
3 - 25% - 26% - 12:44
4 - 0% - 0% - 0:00
PP Forward
1 - 57% - 60% - 2:15
2 - 43% - 40% - 1:43
PP Defense
1 - 57% - 60% - 2:15
2 - 43% - 40% - 1:43
PK Forward
1 - 67% - 60% - 3:21
2 - 33% - 40% - 1:38
PK Defense
1 - 58% - 60% - 2:53
2 - 42% - 40% - 2:06
PK3 Forward
1 - 0% - 60%
2 - 0% - 40%
PK3 Defense
1 - 0% - 60%
2 - 0% - 40%
44 Forward
1 - 0% - 60%
2 - 0% - 40%
44 Defense
1 - 0% - 60%
2 - 0% - 40%
Last Minute Offensive - 0:00
Last Minute Defensive - 1:06
Total
Forward - 60:00
Defense - 60:00
|
% Time on Ice - Coyotes
Lines # - Real PCT - Wanted PCT - Time Play
Normal Forward
1 - 31% - 34% - 15:23
2 - 31% - 30% - 15:35
3 - 25% - 26% - 12:43
4 - 12% - 10% - 6:13
Normal Defense
1 - 37% - 36% - 18:29
2 - 33% - 32% - 16:18
3 - 23% - 24% - 11:41
4 - 7% - 8% - 3:26
PP Forward
1 - 50% - 60% - 2:29
2 - 50% - 40% - 2:30
PP Defense
1 - 67% - 65% - 3:20
2 - 33% - 35% - 1:39
PK Forward
1 - 92% - 60% - 3:39
2 - 8% - 40% - 0:19
PK Defense
1 - 55% - 60% - 2:11
2 - 45% - 40% - 1:47
PK3 Forward
1 - 0% - 60%
2 - 0% - 40%
PK3 Defense
1 - 0% - 60%
2 - 0% - 40%
44 Forward
1 - 0% - 60%
2 - 0% - 40%
44 Defense
1 - 0% - 60%
2 - 0% - 40%
Last Minute Offensive - 1:09
Last Minute Defensive - 0:00
Total
Forward - 60:00
Defense - 60:00
|
Play by Play
1st period
0:01 of 1st period - J.T. Miller wins face-off versus Tim Connolly in neutral zone.
0:06 of 1st period - Snap shot by Tim Connolly.
0:06 of 1st period - Stopped by Robin Lehner without a rebound.
0:07 of 1st period - Tim Connolly wins face-off versus J.T. Miller in Sabres zone.
1:20 of 1st period - Snap shot by Kyle Okposo.
1:20 of 1st period - Shot Blocked by Patrice Cormier.
1:42 of 1st period - Slapshot by Marian Gaborik.
1:42 of 1st period - Stopped by Robin Lehner without a rebound.
1:43 of 1st period - J.T. Miller wins face-off versus Tim Connolly in Sabres zone.
2:08 of 1st period - Snap shot by Jason Pominville.
2:08 of 1st period - Stopped by Ryan Miller without a rebound.
2:09 of 1st period - Erik Christensen wins face-off versus Ryan O'Reilly in Coyotes zone.
2:43 of 1st period - Snap shot by Ramzi Abid.
2:43 of 1st period - Stopped by Robin Lehner with a rebound.
3:56 of 1st period - Minor Penalty to Andrew MacDonald for Charging.
3:57 of 1st period - Andrew Cogliano wins face-off versus Tim Connolly in Sabres zone.
3:57 of 1st period - Andrew Cogliano is hit by Tim Connolly.
5:56 of 1st period - Penalty to Andrew MacDonald is over, Andrew MacDonald is back on ice.
6:06 of 1st period - Slapshot by Zach Bogosian.
6:06 of 1st period - Stopped by Ryan Miller with a rebound.
6:08 of 1st period - Slapshot by Andrew MacDonald.
6:08 of 1st period - Stopped by Ryan Miller with a rebound.
6:24 of 1st period - Snap shot by T.J. Oshie.
6:24 of 1st period - Stopped by Robin Lehner with a rebound.
6:38 of 1st period - Slapshot by Ladislav Nagy.
6:38 of 1st period - Stopped by Ryan Miller with a rebound.
6:40 of 1st period - Snap shot by Ladislav Nagy.
6:40 of 1st period - Shot Blocked by Toni Lydman.
7:31 of 1st period - Eric Brewer is hit by Jakub Kindl and loses puck.
8:00 of 1st period - Snap shot by Zack Kassian.
8:00 of 1st period - Shot Blocked by Josh Gorges.
8:25 of 1st period - Josh Gorges is hit by Jaromir Jagr and loses puck.
8:44 of 1st period - Tim Connolly is hit by Jordan Leopold and loses puck.
8:59 of 1st period - Andrew MacDonald is hit by Kristopher Letang and loses puck.
9:46 of 1st period - Kyle Okposo is hit by Jason Pominville.
10:00 of 1st period - Wrist shot by Jaromir Jagr.
10:00 of 1st period - Shot Hit the Post.
10:34 of 1st period - Off-side.
10:35 of 1st period - Erik Christensen wins face-off versus Patrice Cormier in neutral zone.
10:54 of 1st period - Minor Penalty to Michael Haley for Holding.
10:55 of 1st period - Andrew Cogliano wins face-off versus Nazem Kadri in Sabres zone.
12:54 of 1st period - Penalty to Michael Haley is over, Michael Haley is back on ice.
13:13 of 1st period - Wrist shot by Zack Kassian.
13:13 of 1st period - Shot Misses the Net.
13:50 of 1st period - Ladislav Nagy is hit by Erik Cole and loses puck.
14:29 of 1st period - Wrist shot by Randy Jones.
14:29 of 1st period - Stopped by Ryan Miller without a rebound.
14:30 of 1st period - Patrice Cormier wins face-off versus Tim Connolly in Coyotes zone.
14:39 of 1st period - Snap shot by Tim Connolly.
14:39 of 1st period - Shot Blocked by Randy Jones.
14:55 of 1st period - Josh Gorges is hit by Randy Jones and loses puck.
15:24 of 1st period - Snap shot by Ramzi Abid.
15:24 of 1st period - Goal by Ramzi Abid - Sabres : 0 - Coyotes : 1.
15:25 of 1st period - Marian Gaborik wins face-off versus Brandon Sutter in neutral zone.
15:28 of 1st period - Ole-Kristian Tollefsen is hit by Erik Cole and loses puck.
16:24 of 1st period - Erik Christensen is hit by Ole-Kristian Tollefsen and loses puck.
16:41 of 1st period - Slapshot by Brandon Sutter.
16:41 of 1st period - Goal by Brandon Sutter - Sabres : 1 - Coyotes : 1.
16:42 of 1st period - Andrew Cogliano wins face-off versus Tim Connolly in neutral zone.
17:29 of 1st period - Slapshot by Zack Kassian.
17:29 of 1st period - Goal by Zack Kassian - Sabres : 2 - Coyotes : 1.
17:30 of 1st period - Evander Kane wins face-off versus Erik Cole in neutral zone.
17:37 of 1st period - Kristopher Letang is hit by Evander Kane and loses puck.
17:44 of 1st period - Josh Gorges is hit by Ryan O'Reilly and loses puck.
17:57 of 1st period - Jason Pominville is hit by Chad Larose.
18:05 of 1st period - Tyler Ennis is hit by Jason Pominville and loses puck.
18:29 of 1st period - Zach Bogosian is hit by Ramzi Abid and loses puck.
19:53 of 1st period - Marian Gaborik is hit by Ryan O'Reilly and loses puck.
Goals for this period are 2 for Sabres vs 1 for Coyotes.
Shots for this period are 7 for Sabres vs 5 for Coyotes.
2nd period
0:01 of 2nd period - Ladislav Nagy wins face-off versus Tim Connolly in neutral zone.
0:04 of 2nd period - Marian Gaborik is hit by Ole-Kristian Tollefsen and loses puck.
0:16 of 2nd period - Wrist shot by Tim Connolly.
0:16 of 2nd period - Deflect By Marian Gaborik.
0:16 of 2nd period - Stopped by Robin Lehner with a rebound.
0:35 of 2nd period - Snap shot by Enver Lisin.
0:35 of 2nd period - Stopped by Ryan Miller with a rebound.
1:17 of 2nd period - Snap shot by Zack Kassian.
1:17 of 2nd period - Goal by Zack Kassian - Sabres : 3 - Coyotes : 1.
1:18 of 2nd period - J.T. Miller wins face-off versus Tim Connolly in neutral zone.
1:44 of 2nd period - Marian Gaborik is hit by Ladislav Nagy and loses puck.
1:57 of 2nd period - Wrist shot by Enver Lisin.
1:57 of 2nd period - Shot Blocked by Tim Connolly.
2:19 of 2nd period - Jordan Leopold is hit by Tyler Ennis and loses puck.
2:32 of 2nd period - Slapshot by Nazem Kadri.
2:32 of 2nd period - Stopped by Robin Lehner with a rebound.
3:17 of 2nd period - Randy Jones is hit by Kristopher Letang and loses puck.
3:26 of 2nd period - Wrist shot by Evander Kane.
3:26 of 2nd period - Shot Misses the Net.
3:28 of 2nd period - Snap shot by Evander Kane.
3:28 of 2nd period - Goal by Evander Kane - Sabres : 4 - Coyotes : 1.
3:28 of 2nd period - Mathieu Garon enters game.
3:29 of 2nd period - Tim Connolly wins face-off versus Andrew Cogliano in neutral zone.
3:49 of 2nd period - Matt Taormina is hit by Jakub Kindl and loses puck.
4:17 of 2nd period - Minor Penalty to Marian Gaborik for Hooking.
4:18 of 2nd period - Chad Larose wins face-off versus J.T. Miller in Coyotes zone.
5:22 of 2nd period - Tim Connolly is hit by Jason Pominville and loses puck.
5:48 of 2nd period - Snap shot by Jason Pominville.
5:48 of 2nd period - Deflect By Andrew Cogliano.
5:48 of 2nd period - Shot Misses the Net.
5:48 of 2nd period - Puck is out of play.
5:49 of 2nd period - Ryan O'Reilly wins face-off versus Nazem Kadri in Coyotes zone.
6:17 of 2nd period - Penalty to Marian Gaborik is over, Marian Gaborik is back on ice.
7:05 of 2nd period - Slapshot by Tyler Ennis.
7:05 of 2nd period - Shot Misses the Net.
7:07 of 2nd period - Wrist shot by Chad Larose.
7:07 of 2nd period - Stopped by Robin Lehner without a rebound.
7:08 of 2nd period - Erik Christensen wins face-off versus Ryan O'Reilly in Sabres zone.
7:13 of 2nd period - Wrist shot by Erik Christensen.
7:13 of 2nd period - Stopped by Robin Lehner without a rebound.
7:14 of 2nd period - Tim Connolly wins face-off versus J.T. Miller in Sabres zone.
7:15 of 2nd period - Snap shot by Marian Gaborik.
7:15 of 2nd period - Stopped by Robin Lehner without a rebound.
7:16 of 2nd period - Tim Connolly wins face-off versus J.T. Miller in Sabres zone.
7:19 of 2nd period - Snap shot by Marian Gaborik.
7:19 of 2nd period - Stopped by Robin Lehner without a rebound.
7:20 of 2nd period - J.T. Miller wins face-off versus Erik Cole in Sabres zone.
7:25 of 2nd period - Snap shot by Jason Pominville.
7:25 of 2nd period - Stopped by Mathieu Garon with a rebound.
7:27 of 2nd period - Slapshot by Andrew Cogliano.
7:27 of 2nd period - Shot Misses the Net.
7:29 of 2nd period - Slapshot by Ole-Kristian Tollefsen.
7:29 of 2nd period - Shot Blocked by Tim Connolly.
7:31 of 2nd period - Slapshot by Ole-Kristian Tollefsen.
7:31 of 2nd period - Shot Misses the Net.
7:35 of 2nd period - Snap shot by Andrew Cogliano.
7:35 of 2nd period - Shot Blocked by Josh Gorges.
8:49 of 2nd period - Slapshot by Tyler Ennis.
8:49 of 2nd period - Shot Misses the Net.
8:51 of 2nd period - Wrist shot by Chad Larose.
8:51 of 2nd period - Goal by Chad Larose - Sabres : 4 - Coyotes : 2.
8:52 of 2nd period - Tim Connolly wins face-off versus J.T. Miller in neutral zone.
9:05 of 2nd period - Snap shot by Jason Pominville.
9:05 of 2nd period - Stopped by Mathieu Garon with a rebound.
9:17 of 2nd period - Erik Christensen is hit by Ladislav Nagy and loses puck.
9:38 of 2nd period - Off-side.
9:39 of 2nd period - Nazem Kadri wins face-off versus Ryan O'Reilly in neutral zone.
9:51 of 2nd period - Wrist shot by Evander Kane.
9:51 of 2nd period - Stopped by Mathieu Garon without a rebound.
9:52 of 2nd period - J.T. Miller wins face-off versus Tim Connolly in Coyotes zone.
10:17 of 2nd period - Ladislav Nagy is hit by Eric Brewer and loses puck.
11:31 of 2nd period - Icing by Matt Taormina.
11:32 of 2nd period - J.T. Miller wins face-off versus Erik Christensen in Coyotes zone.
11:33 of 2nd period - Wrist shot by Jason Pominville.
11:33 of 2nd period - Shot Misses the Net.
12:01 of 2nd period - Snap shot by Nazem Kadri.
12:01 of 2nd period - Stopped by Robin Lehner with a rebound.
12:27 of 2nd period - Slapshot by Zach Bogosian.
12:27 of 2nd period - Stopped by Mathieu Garon with a rebound.
12:41 of 2nd period - Wrist shot by Jason Pominville.
12:41 of 2nd period - Shot Misses the Net.
13:22 of 2nd period - Snap shot by Ladislav Nagy.
13:22 of 2nd period - Shot Blocked by Josh Gorges.
13:24 of 2nd period - Snap shot by Brandon Sutter.
13:24 of 2nd period - Stopped by Mathieu Garon with a rebound.
13:40 of 2nd period - Snap shot by Jason Pominville.
13:40 of 2nd period - Stopped by Mathieu Garon without a rebound.
13:41 of 2nd period - Tim Connolly wins face-off versus J.T. Miller in Coyotes zone.
14:00 of 2nd period - Snap shot by Jason Pominville.
14:00 of 2nd period - Shot Misses the Net.
14:10 of 2nd period - Wrist shot by Andrew Cogliano.
14:10 of 2nd period - Shot Misses the Net.
14:12 of 2nd period - Slapshot by Andrew Cogliano.
14:12 of 2nd period - Shot Blocked by Tim Connolly.
14:14 of 2nd period - Wrist shot by Andrew Cogliano.
14:14 of 2nd period - Shot Blocked by Anton Stralman.
14:16 of 2nd period - Slapshot by Randy Jones.
14:16 of 2nd period - Shot Blocked by Anton Stralman.
14:18 of 2nd period - Slapshot by Jordan Leopold.
14:18 of 2nd period - Deflect By Anton Stralman.
14:18 of 2nd period - Goal by Jordan Leopold - Sabres : 5 - Coyotes : 2.
14:19 of 2nd period - Erik Christensen wins face-off versus Ladislav Nagy in neutral zone.
14:30 of 2nd period - Minor Penalty to Enver Lisin for Tripping.
14:31 of 2nd period - Andrew Cogliano wins face-off versus Marian Gaborik in Sabres zone.
15:09 of 2nd period - Icing by Kyle Okposo.
15:10 of 2nd period - Nazem Kadri wins face-off versus Andrew Cogliano in Coyotes zone.
15:31 of 2nd period - Snap shot by Nazem Kadri.
15:31 of 2nd period - Goal by Nazem Kadri - Sabres : 5 - Coyotes : 3.
15:32 of 2nd period - Brandon Sutter wins face-off versus Tim Connolly in neutral zone.
15:43 of 2nd period - Slapshot by Matt Taormina.
15:43 of 2nd period - Shot Blocked by Jakub Kindl.
15:45 of 2nd period - Slapshot by Toni Lydman.
15:45 of 2nd period - Stopped by Robin Lehner with a rebound.
15:47 of 2nd period - Slapshot by Toni Lydman.
15:47 of 2nd period - Deflect By Enver Lisin.
15:47 of 2nd period - Stopped by Robin Lehner with a rebound.
15:54 of 2nd period - Icing by Ladislav Nagy.
15:55 of 2nd period - J.T. Miller wins face-off versus Erik Christensen in Sabres zone.
16:10 of 2nd period - Wrist shot by Tyler Ennis.
16:10 of 2nd period - Shot Misses the Net.
16:22 of 2nd period - Jaromir Jagr is hit by Tim Connolly and loses puck.
17:04 of 2nd period - Wrist shot by Zack Kassian.
17:04 of 2nd period - Shot Blocked by Josh Gorges.
17:06 of 2nd period - Wrist shot by Patrice Cormier.
17:06 of 2nd period - Shot Blocked by Josh Gorges.
18:29 of 2nd period - Slapshot by Zach Bogosian.
18:29 of 2nd period - Stopped by Mathieu Garon with a rebound.
18:40 of 2nd period - Icing by Tyler Ennis.
18:41 of 2nd period - Tim Connolly wins face-off versus J.T. Miller in Coyotes zone.
19:18 of 2nd period - Wrist shot by Ramzi Abid.
19:18 of 2nd period - Shot Misses the Net.
19:20 of 2nd period - Slapshot by Eric Brewer.
19:20 of 2nd period - Stopped by Robin Lehner with a rebound.
19:39 of 2nd period - Slapshot by Evander Kane.
19:39 of 2nd period - Shot Misses the Net.
19:53 of 2nd period - Wrist shot by Zack Kassian.
19:53 of 2nd period - Shot Misses the Net.
19:55 of 2nd period - Slapshot by Michael Haley.
19:55 of 2nd period - Stopped by Mathieu Garon with a rebound.
19:57 of 2nd period - Slapshot by Randy Jones.
19:57 of 2nd period - Shot Misses the Net.
19:59 of 2nd period - Snap shot by Jordan Leopold.
19:59 of 2nd period - Shot Misses the Net.
Goals for this period are 3 for Sabres vs 2 for Coyotes.
Shots for this period are 12 for Sabres vs 12 for Coyotes.
3rd period
0:01 of 3rd period - Tim Connolly wins face-off versus Ryan O'Reilly in neutral zone.
0:26 of 3rd period - Josh Gorges is hit by Brandon Sutter.
1:08 of 3rd period - Zack Kassian is hit by Mike Leclerc and loses puck.
2:13 of 3rd period - Slapshot by Nazem Kadri.
2:13 of 3rd period - Shot Misses the Net.
2:15 of 3rd period - Slapshot by Kristopher Letang.
2:15 of 3rd period - Stopped by Robin Lehner with a rebound.
3:10 of 3rd period - Slapshot by Nazem Kadri.
3:10 of 3rd period - Deflect By Ole-Kristian Tollefsen.
3:10 of 3rd period - Shot Blocked by Ole-Kristian Tollefsen.
3:10 of 3rd period - Puck is out of play.
3:11 of 3rd period - J.T. Miller wins face-off versus Nazem Kadri in Sabres zone.
3:11 of 3rd period - J.T. Miller is hit by Ramzi Abid.
3:14 of 3rd period - Penalty Shot by Andrew Cogliano for Sabres.
3:14 of 3rd period - Snap shot by Andrew Cogliano.
3:14 of 3rd period - Shot Misses the Net.
3:15 of 3rd period - Erik Christensen wins face-off versus Ryan O'Reilly in Sabres zone.
3:19 of 3rd period - Snap shot by Erik Christensen.
3:19 of 3rd period - Stopped by Robin Lehner with a rebound.
4:13 of 3rd period - Snap shot by Tim Connolly.
4:13 of 3rd period - Goal by Tim Connolly - Sabres : 5 - Coyotes : 4.
4:14 of 3rd period - Tim Connolly wins face-off versus J.T. Miller in neutral zone.
5:08 of 3rd period - Snap shot by Evander Kane.
5:08 of 3rd period - Stopped by Mathieu Garon with a rebound.
5:10 of 3rd period - Slapshot by Jakub Kindl.
5:10 of 3rd period - Shot Blocked by Matt Taormina.
5:12 of 3rd period - Snap shot by Jakub Kindl.
5:12 of 3rd period - Shot Misses the Net.
5:14 of 3rd period - Backhand shot by Ole-Kristian Tollefsen.
5:14 of 3rd period - Shot Blocked by Matt Taormina.
5:29 of 3rd period - Off-side.
5:30 of 3rd period - Tim Connolly wins face-off versus J.T. Miller in neutral zone.
6:03 of 3rd period - Slapshot by Tim Connolly.
6:03 of 3rd period - Stopped by Robin Lehner without a rebound.
6:04 of 3rd period - Ryan O'Reilly wins face-off versus Erik Christensen in Sabres zone.
6:54 of 3rd period - Wrist shot by Tim Connolly.
6:54 of 3rd period - Shot Misses the Net.
6:56 of 3rd period - Snap shot by Marian Gaborik.
6:56 of 3rd period - Goal by Marian Gaborik - Sabres : 5 - Coyotes : 5.
6:57 of 3rd period - Tim Connolly wins face-off versus Ryan O'Reilly in neutral zone.
7:08 of 3rd period - Snap shot by Jaromir Jagr.
7:08 of 3rd period - Stopped by Mathieu Garon with a rebound.
7:30 of 3rd period - Slapshot by Randy Jones.
7:30 of 3rd period - Stopped by Mathieu Garon with a rebound.
7:32 of 3rd period - Slapshot by Jordan Leopold.
7:32 of 3rd period - Stopped by Mathieu Garon without a rebound.
7:33 of 3rd period - Nazem Kadri wins face-off versus Andrew Cogliano in Coyotes zone.
7:33 of 3rd period - Nazem Kadri is hit by Andrew Cogliano.
8:04 of 3rd period - Tim Connolly is hit by Ladislav Nagy and loses puck.
8:32 of 3rd period - Snap shot by Zack Kassian.
8:32 of 3rd period - Stopped by Mathieu Garon without a rebound.
8:33 of 3rd period - Tim Connolly wins face-off versus Ryan O'Reilly in Coyotes zone.
8:45 of 3rd period - Icing by Ryan O'Reilly.
8:46 of 3rd period - Ryan O'Reilly wins face-off versus Tim Connolly in Sabres zone.
8:46 of 3rd period - Ryan O'Reilly is hit by Erik Cole.
8:56 of 3rd period - Anton Stralman is hit by Ole-Kristian Tollefsen and loses puck.
9:11 of 3rd period - Evander Kane is hit by Chad Larose and loses puck.
9:40 of 3rd period - Enver Lisin is hit by Ramzi Abid and loses puck.
10:15 of 3rd period - Slapshot by Zack Kassian.
10:15 of 3rd period - Shot Misses the Net.
10:17 of 3rd period - Wrist shot by Zack Kassian.
10:17 of 3rd period - Stopped by Mathieu Garon with a rebound.
10:19 of 3rd period - Snap shot by Michael Haley.
10:19 of 3rd period - Shot Blocked by Kristopher Letang.
10:21 of 3rd period - Slapshot by Michael Haley.
10:21 of 3rd period - Stopped by Mathieu Garon with a rebound.
10:31 of 3rd period - Slapshot by Tim Connolly.
10:31 of 3rd period - Stopped by Robin Lehner with a rebound.
10:42 of 3rd period - Minor Penalty to Marian Gaborik for Hooking.
10:43 of 3rd period - Chad Larose wins face-off versus J.T. Miller in Coyotes zone.
11:33 of 3rd period - J.T. Miller is hit by Ramzi Abid and loses puck.
12:42 of 3rd period - Penalty to Marian Gaborik is over, Marian Gaborik is back on ice.
12:46 of 3rd period - Tim Connolly is hit by Enver Lisin and loses puck.
13:13 of 3rd period - Kyle Okposo is hit by Patrice Cormier and loses puck.
13:43 of 3rd period - Patrice Cormier is hit by Matt Taormina and loses puck.
13:58 of 3rd period - Zach Bogosian is hit by Tyler Ennis and loses puck.
14:11 of 3rd period - Evander Kane is hit by Eric Brewer and loses puck.
16:18 of 3rd period - Ramzi Abid is hit by J.T. Miller and loses puck.
16:32 of 3rd period - Kristopher Letang is hit by Andrew Cogliano and loses puck.
17:04 of 3rd period - Wrist shot by Zack Kassian.
17:04 of 3rd period - Shot Misses the Net.
17:06 of 3rd period - Snap shot by Michael Haley.
17:06 of 3rd period - Sabres goal is going for a video replay.
17:06 of 3rd period - The goal is good.
17:06 of 3rd period - Goal by Michael Haley - Sabres : 6 - Coyotes : 5.
17:07 of 3rd period - Ladislav Nagy wins face-off versus Nazem Kadri in neutral zone.
17:39 of 3rd period - Wrist shot by Erik Christensen.
17:39 of 3rd period - Stopped by Robin Lehner with a rebound.
19:00 of 3rd period - Off-side.
19:01 of 3rd period - Mike Keenan call a timeout for Coyotes.
19:01 of 3rd period - Tim Connolly wins face-off versus Jaromir Jagr in neutral zone.
19:04 of 3rd period - Jaromir Jagr is hit by Tyler Ennis and loses puck.
19:27 of 3rd period - Snap shot by Jaromir Jagr.
19:27 of 3rd period - Stopped by Mathieu Garon with a rebound.
19:29 of 3rd period - Wrist shot by Andrew Cogliano.
19:29 of 3rd period - Shot Misses the Net.
19:31 of 3rd period - Snap shot by Ole-Kristian Tollefsen.
19:31 of 3rd period - Stopped by Mathieu Garon with a rebound.
19:33 of 3rd period - Snap shot by Ole-Kristian Tollefsen.
19:33 of 3rd period - Stopped by Mathieu Garon with a rebound.
Goals for this period are 1 for Sabres vs 2 for Coyotes.
Shots for this period are 11 for Sabres vs 7 for Coyotes.
Back to the Top